 Dungeon Crawl Stone Soup version 0.30-a0-605-gb2882149bf (webtiles) character file.

Game seed: 13212998423151310429

907 cforsyth the Trooper (level 7, -4/59 HPs)
             Began as a Demonspawn Delver on Jan 8, 2023.
             Slain by an ogre
             ... wielding a +0 giant spiked club
              (29 damage)
             ... on level 5 of the Dungeon.
             The game lasted 00:09:54 (4832 turns).

cforsyth the Trooper (Demonspawn Delver)            Turns: 4832, Time: 00:09:54

Health: -4/59      AC:  5    Str: 15    XL:     7   Next: 81%
Magic:  11/11      EV: 14    Int: 11    God:
Gold:   180        SH:  0    Dex: 14    Spells: 12/12 levels left

rFire   + . .      SeeInvis .    a - +0 falchion
rCold   . . .      Faith    .    (no shield)
rNeg    . . .      Spirit   .    f - +0 troll leather armour {Pargi}
rPois   .          Reflect  .    (helmet restricted)
rElec   .          Harm     .    u - +0 cloak
rCorr   .          Rampage  .    (no gloves)
Will    .....                    (no boots)
Stlth   ++                       h - amulet of magic regeneration
HPRegen 1.09/turn                w - ring of protection from fire
MPRegen 0.52/turn                (no ring)

@: no status effects
A: antennae 2, hooves 1, demonic magic 1, demonic touch 1
a: no special abilities


You were on level 5 of the Dungeon.
You visited 1 branch of the dungeon, and saw 5 of its levels.

You collected 180 gold pieces.

Inventory:

Hand Weapons
 a - a +0 falchion (weapon)
Armour
 f - a +0 troll leather armour (worn) {Pargi}
 u - a +0 cloak (worn)
Jewellery
 h - an amulet of magic regeneration (around neck)
 w - a ring of protection from fire (left hand)
Wands
 g - a wand of digging (3)
 n - a wand of roots (14)
Scrolls
 b - 2 scrolls of vulnerability {unknown}
 c - 2 scrolls of fog
 d - 3 scrolls of magic mapping
 e - a scroll of fear
 i - a scroll of poison {unknown}
 m - a scroll of teleportation {unknown}
 o - 2 scrolls of identify {unknown}
Potions
 j - 4 potions of might {unknown}
 k - a potion of heal wounds {unknown}
 l - 2 potions of invisibility {unknown}
 p - 3 potions of lignification {unknown}
 q - 3 potions of brilliance {unknown}
 r - a potion of attraction {unknown}
 s - 2 potions of flight {unknown}
 t - a potion of ambrosia {unknown}
 v - 2 potions of haste


   Skills:
 + Level 6.5 Fighting
 - Level 1.7 Long Blades
 + Level 5.5 Dodging
 - Level 4.5 Stealth
 + Level 3.0 Spellcasting


You had 12 spell levels left.
You didn't know any spells.
Your spell library contained the following spells:

 Spells                   Type           Power      Damage    Failure   Level
 Ignite Poison            Fire/Tmut/Pois 1%         N/A       67%         3
 Kindle Blastsparks       Fire/Tloc/Air  2%         2d10      67%         3
 Freezing Cloud           Conj/Ice/Air   0%         6-21      100%        5


Dungeon Overview and Level Annotations

Branches:
Dungeon (5/15)
 Temple: D:4-7

Altars:
Xom
Yredelemnul

Shops:
D:2 [   D:4 :


Innate Abilities, Weirdness & Mutations

You have a pair of antennae on your head.
You have large cloven feet.
Spells you cast may paralyse adjacent enemies.
Your touch may inflict minor irresistible damage on your foes.


Message History

The necrophage closely misses you.
You hit the necrophage. You kick the necrophage.
You touch the necrophage!
The necrophage is almost destroyed.
The necrophage completely misses you.
The orc throws a boomerang.
The boomerang hits you but does no damage.
You closely miss the necrophage. You punch the necrophage.
You destroy the necrophage!
The orc throws a boomerang.
The boomerang closely misses you. The orc hits you with a +0 dagger.
An orc comes into view. It is wielding a +0 hand axe.
Your life force feels restored.
Your Spellcasting skill increases to level 3!
You barely miss the orc. You kick the orc, but do no damage.
The orc hits you with a +0 dagger.
You hit the orc. You kick the orc, but do no damage.
The orc is severely wounded.
The orc throws a boomerang.
The boomerang hits you. The orc hits you but does no damage.
You hit the orc.
You touch the orc.
You kill the orc!
You closely miss the orc. Your kick misses the orc. The orc closely misses you.
You closely miss the orc. Your kick misses the orc. Your touch misses the orc.
The orc misses you. The orc hits you with a +0 flail!
You hit the orc. You kick the orc.
You kill the orc!
You hit the ogre. You kick the ogre.
You touch the ogre!
The ogre is severely wounded.
The orc throws a boomerang.
The boomerang hits you. The ogre misses you.
You hit the ogre.
The ogre is almost dead.
The orc throws a boomerang.
The boomerang hits you.
The ogre hits you with a +0 giant spiked club!!
You completely miss the ogre.
The ogre is almost dead.
You hit the ogre but do no damage.
The ogre is almost dead.
The orc throws a boomerang.
The boomerang closely misses you.
An orc wizard comes into view. It is wielding a +0 dagger.
The ogre hits you with a +0 giant spiked club!!
You die...

§≈.......≈...# #.
##.≈.≈≈≈≈≈.≈o#.## ##
##..§.....≈.≈....## ###
....§.≈._.≈.§...#.# #..
...≈.≈...≈.§§§...## #.#
#...≈≈≈≈≈§≈...#.##.. #
..#.≈.oo..$§§§....##.###
....≈≈≈≈≈≈≈§≈.#.#.##...#
#..oO@......#.#.# #.#
#...###.###.#.# # #..
#.. #.# #...# #####. #.
#.# #..... ..##. # #..
.........##. ###
#.###.##.### ..< .##....
.######÷### #...<.#>..


You could see an ogre, an orc wizard and 3 orcs.

Vanquished Creatures
  Pargi (D:3)
  3 phantoms
  A necrophage (D:5)
  2 hounds
  Crazy Yiuf (D:3)
  3 orc priests (D:5)
  A jelly (D:5)
  Jessica (D:3)
  Natasha (thrice) (D:2)
  7 gnolls
  7 adders
  A worm (D:5)
  A dart slug (D:3)
  11 orcs
  8 ball pythons
  5 endoplasms
  A giant cockroach (D:4)
  3 goblins
  6 hobgoblins
  4 jackals (D:1)
  5 kobolds
  5 quokkas
  4 bats
  4 frilled lizards
  7 rats
95 creatures vanquished.

Notes
Turn   | Place    | Note
-------+----------+-------------------------------------------
     0 | D:5      | cforsyth the Demonspawn Delver began the quest for the Orb.
     0 | D:5      | Reached XP level 1. HP: 18/18 MP: 1/1
    21 | D:5      | Noticed a hound
    39 | D:5      | Killed a hound
    40 | D:5      | Discovered your monstrous ancestry.
    40 | D:5      | Gained mutation: You have large cloven feet. [demonic
                  | ancestry]
    40 | D:5      | Reached XP level 2. HP: 10/25 MP: 2/2
    40 | D:5      | Gained mutation: Your touch may inflict minor irresistible
                  | damage on your foes. [demonic ancestry]
    40 | D:5      | Reached XP level 3. HP: 12/30 MP: 3/3
   487 | D:4      | Noticed a phantom
   666 | D:3      | Noticed Pargi
   675 | D:3      | Killed Pargi
   676 | D:3      | Reached skill level 4 in Fighting
   676 | D:3      | Gained mutation: Spells you cast may paralyse adjacent
                  | enemies. [demonic ancestry]
   676 | D:3      | Reached XP level 4. HP: 11/38 MP: 4/4
   676 | D:3      | Reached XP level 5. HP: 13/43 MP: 5/5
   837 | D:3      | Noticed Jessica
   865 | D:3      | Killed Jessica
   909 | D:3      | Noticed a phantom
   913 | D:2      | Noticed Natasha
   919 | D:2      | Killed Natasha
  1083 | D:1      | Reached skill level 5 in Fighting
  1694 | D:2      | Noticed Natasha
  1701 | D:2      | Killed Natasha
  1716 | D:2      | Gained mutation: You have a pair of small antennae on your
                  | head. [demonic ancestry]
  1716 | D:2      | Reached XP level 6. HP: 46/51 MP: 6/6
  1748 | D:2      | Found Ugoneset's Antique Armour Boutique.
  1870 | D:2      | Found a faded altar of an unknown god.
  1924 | D:2      | Noticed Natasha
  1935 | D:2      | Killed Natasha
  2893 | D:3      | Reached skill level 1 in Spellcasting
  3152 | D:3      | Found a runed translucent door.
  3153 | D:3      | Noticed Crazy Yiuf
  3271 | D:3      | Killed Crazy Yiuf
  3325 | D:3      | Gained mutation: You have a pair of antennae on your head.
                  | [demonic ancestry]
  3325 | D:3      | Reached XP level 7. HP: 57/57 MP: 9/9
  3412 | D:4      | Found a basalt altar of Yredelemnul.
  3670 | D:4      | Found Osehet's Book Shop.
  3966 | D:4      | Reached skill level 6 in Fighting
  3966 | D:4      | Reached skill level 5 in Dodging
  4430 | D:5      | Found a shimmering altar of Xom.
  4832 | D:5      | Slain by an ogre

Illustrated notes

Levels and vault maps discovered:
D:1:      arrival_zaba_pyramid, layout_basic
D:2:      layout_basic, basic_ecumenical_altar, serial_shops,
          nicolae_shop_temple_entry_statues_fountains, uniq_natasha
D:3:      layout_basic, grunt_ministairs_8, uniq_crazy_yiuf_cottage, uniq_pargi,
          uniq_jessica
D:4:      layout_layer_cave, nicolae_overflow_squiral, serial_shops,
          nicolae_shop_crystal
D:5:      layout_loops_ring, ashenzari_altar_1,
          mainiacjoe_overflow_concentric_impassable, hangedman_ru_absence,
          minmay_temple_entry_trees, kennysheep_generic_room_5, uniq_pikel

Skill      XL: |  1  2  3  4  5  6  7 |
---------------+----------------------+-----
Dodging        | 2 3 4 5 |  5.5
Fighting       | 4 5 6 |  6.5
Spellcasting   | 1 3 |  3.0
Long Blades    | |  1.7
Stealth        | |  4.5

Action                   |  1- 3 |  4- 6 |  7- 9 || total
-------------------------+-------+-------+-------++-------
Melee: Falchion          |    35 |   177 |    85 ||   297
       Touch             |     5 |    29 |    16 ||    50
       Kick              |     4 |    45 |    29 ||    78
       Punch             |       |     1 |     1 ||     2
  Use: Potion            |     1 |       |       ||     1
 Stab: Sleeping          |       |    10 |     1 ||    11
       Distracted        |       |     2 |       ||     2
Armor: Leather armour    |    11 |       |       ||    11
       Troll leather arm |       |    46 |    23 ||    69
Dodge: Dodged            |    26 |   146 |    51 ||   223

Table legend: (Time is in decaauts)
 A = Elapsed time spent in this place.
 B = Non-inter-level travel time spent in this place.
 C = Inter-level travel time spent in this place.
 D = Time resting spent in this place.
 E = Time spent auto-exploring this place.
 F = Levels seen in this place.
 G = Mean time per level.
                   A        B        C        D        E       F      G
               +--------+--------+--------+--------+--------+-----+--------+
         Total |   4894 |   4792 |    102 |    711 |   2733 |   5 |  978.8 |
       Dungeon |   4894 |   4792 |    102 |    711 |   2733 |   5 |  978.8 |
               +--------+--------+--------+--------+--------+-----+--------+

Top non-repeatable levels by time:
     D:4: 1250 daAuts
     D:3: 1204 daAuts
     D:2: 1023 daAuts
     D:5: 729 daAuts
     D:1: 687 daAuts
